 Dungeon Crawl Stone Soup version 0.25-a0-583-g696c2ac64d (webtiles) character file.

Game seed: 4242080155961018513, levelgen mode: deterministic

77 An17 the Insei (level 4, -1/35 HPs)
             Began as a Draconian Transmuter on Mar 8, 2020.
             Killed by nerve-wracking pain
             ... invoked by Grinder
              (11 damage)
             ... on level 3 of the Dungeon.
             The game lasted 00:04:54 (1117 turns).

An17 the Insei (Draconian Transmuter)               Turns: 1117, Time: 00:04:55

Health: -1/35      AC:  2    Str: 12    XL:     4   Next: 13%
Magic:  5/7        EV: 20    Int: 14    God:
Gold:   97         SH:  0    Dex: 17    Spells: 2/8 levels left

rFire    . . .     SeeInvis .     - Unarmed
rCold    . . .     Gourm    .   (shield currently unavailable)
rNeg     . . .     Faith    .   (armour unavailable)
rPois    .         Spirit   .   (helmet currently unavailable)
rElec    .         Reflect  .   (cloak currently unavailable)
rCorr    .         Harm     .   (gloves currently unavailable)
MR       .....                  (boots currently unavailable)
Stlth    ++........             d - amulet of magic regeneration
HPRegen  0.11/turn              i - ring of poison resistance
MPRegen  0.35/turn              (no ring)

@: spider-form
A: tiny, unfitting armour, AC +5
a: End Transformation


You were on level 3 of the Dungeon.
You were not hungry.
You were a venomous arachnid creature.
You visited 1 branch of the dungeon, and saw 3 of its levels.

You collected 97 gold pieces.

Inventory:

Hand Weapons
 l - a +2 dagger of freezing
Missiles
 a - 34 arrows
Jewellery
 d - an amulet of magic regeneration (around neck)
 i - a ring of poison resistance (left front leg)
Wands
 m - a wand of flame (16)
Scrolls
 e - 2 scrolls of remove curse
 f - 4 scrolls of identify
 n - a scroll of teleportation
 o - a scroll of enchant armour
 p - a scroll of enchant weapon
Potions
 b - a potion of curing
 g - a potion of degeneration {unknown}
 h - 2 potions of brilliance {unknown}
 j - 2 potions of flight {unknown}
 k - a potion of might {unknown}
Comestibles
 c - 4 rations


   Skills:
 + Level 1.1 Fighting
 + Level 2.4 Dodging
 + Level 3.8 Unarmed Combat
 + Level 2.5 Spellcasting
 + Level 2.4 Transmutations


You had 2 spell levels left.
You knew the following spells:

 Your Spells              Type           Power        Failure   Level  Hunger
a - Beastly Appendage     Tmut           #.....       22%         1    #......
b - Sticks to Snakes      Tmut           #.......     28%         2    ###....
c - Spider Form           Tmut/Pois      #.........   61%         3    ###....

Your spell library contained the following spells:

 Spells                   Type           Power        Failure   Level  Hunger
 Ice Form                 Ice/Tmut       #.......     92%         4    #####..
 Blade Hands              Tmut           #.........   98%         5    ######.


Dungeon Overview and Level Annotations

Branches:
Dungeon (3/15)

Altars:
Hepliaklqana
Uskayaw

Annotations:
D:3 Grinder


Innate Abilities, Weirdness & Mutations

((Your plain brown scales are hard. (AC +5)))
You cannot fit into any form of body armour.
((You are cold-blooded and may be slowed by cold attacks.))


Message History

The kobold hits you with a +3 short sword.
Grinder gestures at you. Pain shoots through your body!
The kobold hits you but does no damage.
The kobold hits you with a +3 short sword!
You can move again.
The kobold hits you with a +3 short sword.
* * * LOW HITPOINT WARNING * * *
Casting: Beastly Appendage (safe; 9% risk of failure)
Confirm with . or Enter, or press ? or * to list all spells.
You turn into a venomous arachnid creature.
The kobold misses you.
You hit the kobold but do no damage.
The kobold is poisoned.
The kobold misses you.
You hit the kobold.
The kobold looks as sick as possible!
The kobold is moderately wounded.
You kill the kobold!
Grinder gestures at you. Pain shoots through your body!
You die...

..#...#.....# #.....###
............# #$.!.....
............# #..%.....
.............. #........
..............##......./
..)....##.# #..5........
..#...###.#####..#
.#####.........)##
#####...........s##
..................#
.............[....#
..................#
..................#
..................###.
......................
................#.....
######..........#.....


You could see Grinder.

Vanquished Creatures
  2 adders
  2 worms (D:2)
  A dart slug (D:1)
  3 leopard geckos
  An orc (D:3)
  3 giant cockroaches
  8 goblins
  3 hobgoblins
  2 jackals (D:3)
  4 bats
  5 frilled lizards
  8 kobolds
  5 rats
47 creatures vanquished.

Notes
Turn   | Place    | Note
-------+----------+-------------------------------------------
     0 | D:1      | An17 the Draconian Transmuter began the quest for the Orb.
     0 | D:1      | Reached XP level 1. HP: 16/16 MP: 3/3
    88 | D:1      | Reached XP level 2. HP: 16/23 MP: 3/5
    95 | D:1      | Learned a level 2 spell: Sticks to Snakes
   496 | D:2      | Found a hazy altar of Hepliaklqana.
   526 | D:2      | Found a hide-covered altar of Uskayaw.
   542 | D:2      | Reached XP level 3. HP: 28/28 MP: 6/6
   632 | D:2      | Found a faded altar of an unknown god.
   994 | D:3      | Reached XP level 4. HP: 23/35 MP: 7/7
  1004 | D:3      | Learned a level 3 spell: Spider Form
  1106 | D:3      | Noticed Grinder
  1107 | D:3      | Paralysed by Grinder for 6 turns
  1117 | D:3      | Killed from afar by Grinder

Levels and vault maps discovered:
D:1:      saegor_arrival_simple_c, layout_rooms
D:2:      layout_rooms, eat_drink_and_be_merry_uskayaw, lemuel_crystal_altar,
          chequers_ecumenical_altar_grove
D:3:      layout_rooms, uniq_grinder, uniq_terence, uniq_crazy_yiuf_cottage

Skill      XL: |  1  2 |
---------------+-------+-----
Dodging        | 2 |  2.4
Fighting       | |  1.1
Unarmed Combat | |  3.8
Spellcasting   | |  2.5
Transmutations | |  2.4

Action                   |  1- 3 |  4- 6 || total
-------------------------+-------+-------++-------
Melee: Unarmed           |   106 |    10 ||   116
       Kick              |     6 |       ||     6
       Punch             |     1 |       ||     1
       Headbutt          |     8 |       ||     8
       Tailslap          |     9 |     2 ||    11
 Cast: Beastly Appendage |    18 |     1 ||    19
       Spider Form       |       |     1 ||     1
  Use: Scroll            |     3 |     2 ||     5
 Stab: Sleeping          |     1 |       ||     1
  Eat: Ration            |     1 |       ||     1
Armor: Skin              |    23 |     4 ||    27
Dodge: Dodged            |    65 |    10 ||    75

Table legend:
 A = Non-vault XP
 B = Vault XP
 C = Vault XP percentage of total XP
 D = Non-vault monster count
 E = Vault monster count
 F = Vault count percentage of total count
                 A         B        C        D         E       F
            +---------+---------+-------+---------+---------+-------
      Total |     110 |       0 |   0.0 |      47 |       0 |   0.0
            +---------+---------+-------+---------+---------+-------
        D:1 |      31 |       0 |   0.0 |      18 |       0 |   0.0
        D:2 |      52 |       0 |   0.0 |      21 |       0 |   0.0
        D:3 |      27 |       0 |   0.0 |       8 |       0 |   0.0
            +---------+---------+-------+---------+---------+-------
